 Dungeon Crawl Stone Soup version 0.32-a0-898-g7811c86cf0 (webtiles) character file.

Game seed: 13218728117324582977

49048 RBrandon the Scorcher (level 14, -12/117 (126) HPs)
             Began as a Mountain Dwarf Fire Elementalist on Apr 3, 2024.
             Was a High Priest of Vehumet.
             Killed from afar by Nergalle (43 damage)
             ... with a bolt of negative energy
             ... on level 3 of the Lair of Beasts on Apr 4, 2024.
             The game lasted 01:05:12 (20653 turns).

RBrandon the Scorcher (MDFE)                       Turns: 20653, Time: 01:05:12

HP:   -12/117 (126) AC: 24    Str: 12    XL:     14   Next: 14%
MP:   14/24         EV: 10    Int: 28    God:    Vehumet [*****.]
Gold: 850           SH:  0    Dex: 12    Spells: 1/26 levels left

rFire   + + .        Z - +8 great mace of Odowkaot {flame, Will+ Dex+2 SInv}
rCold   . . .        (shield currently unavailable)
rNeg    . . .        x - +1 scale mail {rC+}
rPois   .            W - +2 helmet {Int+3}
rElec   .            H - +2 cloak
rCorr   .            U - +0 pair of gloves
SInv    +            I - +0 pair of boots of Indomitability {Int+3}
Will    ++...        D - amulet of Moguose {Faith Int+2}
Stlth   +            F - +4 ring of protection
HPRegen 0.39/turn    o - ring of fire
MPRegen 0.19/turn

%: faith
@: very slightly contaminated, drained
A: runic magic, artefact enchanting, fire resistance 1, sturdy frame 1
a: Renounce Religion


You were on level 3 of the Lair of Beasts.
You worshipped Vehumet.
Vehumet was extremely pleased with you.
You visited 2 branches of the dungeon, and saw 16 of its levels.
You also visited: Gauntlet.

You collected 1114 gold pieces.
You spent 264 gold pieces at shops.

Inventory:

Hand Weapons
 N - the +10 long sword of Triumph {freeze, rPois rF+ Will+++ Dex-5}
   (You took it off a minotaur in a Gauntlet)

   Dex-5:     It affects your dexterity (-5).
   rF+:       It protects you from fire.
   rPois:     It protects you from poison.
   Will+++:   It greatly increases your willpower.
 Y - the +4 sling of Gatetuiz {drain, rCorr Int+3 Dex+4 Stlth+}
   (You found it on level 3 of the Lair of Beasts)

   Int+3:     It affects your intelligence (+3).
   Dex+4:     It affects your dexterity (+4).
   rCorr:     It protects you from acid and corrosion.
   Stlth+:    It makes you more stealthy.
 Z - the +8 great mace of Odowkaot (weapon) {flame, Will+ Dex+2 SInv}
   (You found it on level 5 of the Lair of Beasts)

   Dex+2:     It affects your dexterity (+2).
   Will+:     It increases your willpower.
   SInv:      It lets you see invisible.
Missiles
 d - a throwing net
 g - 3 curare-tipped darts
 E - 8 silver javelins
Armour
 x - a +1 scale mail of cold resistance (worn)
   (You took it off a gnoll sergeant on level 7 of the Dungeon)
 H - a +2 cloak (worn)
 I - the +0 pair of boots of Indomitability (worn) {Int+3}
   (You found it in a Gauntlet)

   Int+3:     It affects your intelligence (+3).
 J - a +7 chain mail of ponderousness
   (You took it off a minotaur in a Gauntlet)
 K - a +2 leather armour of poison resistance
   (You took it off Joseph on level 7 of the Dungeon)
 U - a +0 pair of gloves (worn)
 W - a +2 helmet of intelligence (worn)
   (You found it in a Gauntlet)
Jewellery
 i - a ring of flight
 o - a ring of fire (right hand)
 s - a ring of positive energy
 D - the amulet of Moguose (around neck) {Faith Int+2}
   (You found it in a Gauntlet)

   [amulet of faith]

   Faith:     It allows you to gain divine favour quickly.
   Int+2:     It affects your intelligence (+2).
 F - a +4 ring of protection (left hand)
 Q - a ring of see invisible
 V - the amulet of the Leaf {Faith rF- Will+ Regen+ Int+2}
   (You found it in a Gauntlet)

   [amulet of faith]

   Faith:     It allows you to gain divine favour quickly.
   Int+2:     It affects your intelligence (+2).
   rF-:       It makes you vulnerable to fire.
   Will+:     It increases your willpower.
   Regen+:    It increases your rate of health regeneration.
 X - a ring of resist corrosion
Wands
 C - a wand of acid (31)
 O - a wand of mindburst (22)
 P - a wand of paralysis (6)
 R - a wand of digging (11)
Scrolls
 e - a scroll of vulnerability
 f - a scroll of teleportation
 h - a scroll of identify
 k - a scroll of summoning {unknown}
 n - 3 scrolls of poison {unknown}
 u - 6 scrolls of revelation
 w - 2 scrolls of enchant armour {unknown}
 y - 4 scrolls of enchant weapon {unknown}
 A - 2 scrolls of immolation {unknown}
 B - 3 scrolls of amnesia {unknown}
 L - 2 scrolls of fog {unknown}
 S - 2 scrolls of blinking {unknown}
Potions
 a - a potion of enlightenment
 b - 6 potions of magic
 c - a potion of brilliance {unknown}
 j - 2 potions of haste
 l - 4 potions of attraction
 p - 9 potions of curing
 q - a potion of cancellation
 r - 2 potions of might
 t - 2 potions of heal wounds
 v - a potion of mutation
 z - a potion of ambrosia
 G - 3 potions of berserk rage
 M - a potion of invisibility {unknown}
 T - a potion of lignification {unknown}


   Skills:
 - Level 12.0 Fighting
 - Level 13.0 Armour
 + Level 2.6 Dodging
 - Level 1.4 Stealth
 - Level 6.8 Spellcasting
 - Level 5.0 Conjurations
 - Level 19.0 Fire Magic
 - Level 2.0 Alchemy


You had one spell level left.
You knew the following spells:

 Your Spells              Type           Power      Damage    Failure   Level
a - Foxfire               Conj/Fire      100%       2x1d9     1%          1
b - Scorch                Fire           100%       2d9       0%          2
c - Inner Flame           Hex/Fire       76%        N/A       1%          3
d - Volatile Blastmotes   Fire/Tloc      100%       2d18      1%          3
e - Flame Wave            Conj/Fire      86%        2d18      1%          4
f - Sticky Flame          Fire/Alch      80%        2d12      1%          4
g - Ignition              Fire           54%        3d15      4%          8

Your spell library contained the following spells:

 Spells                   Type           Power      Damage    Failure   Level
 Iskenderun's Battlesphe  Conj           37%        2d9       6%          5
 Magic Dart               Conj           100%       1d8       1%          1
 Sandblast                Erth           18%        2d7       1%          1
 Searing Ray              Conj           74%        2d7       1%          2
 Stone Arrow              Conj/Erth      46%        3d9       1%          3
 Fulminant Prism          Conj/Alch      14%        3d8       4%          4
 Brom's Barrelling Bould  Conj/Erth      23%        2d4       7%          4
 Lesser Beckoning         Tloc           18%        N/A       10%         2
 Irradiate                Conj/Alch      14%        3d16      11%         5
 Confusing Touch          Hex            9%         N/A       21%         3
 Fugue of the Fallen      Necr           9%         N/A       21%         3
 Maxwell's Portable Pile  Tloc           9%         2d(6-16)  21%         3
 Summon Ice Beast         Ice/Summ       9%         N/A       21%         3
 Teleport Other           Tloc           9%         N/A       21%         3
 Animate Dead             Necr           9%         N/A       54%         4
 Borgnjor's Vile Clutch   Necr/Erth      4%         N/A       88%         5
 Death Channel            Necr           4%         N/A       100%        6


Dungeon Overview and Level Annotations

Branches:
Dungeon (11/15)            Temple (0/1) D:7            Lair (5/5) D:11
 Spider (0/4) Lair:2        Slime (0/5) Lair:4          Orc (0/2) D:9
Gauntlet (visited)
  Swamp: Lair:2-3    Shoals: Lair:2-3

Altars:
Ashenzari
Cheibriados
Elyvilon
Fedhas
Gozag
Hepliaklqana
Kikubaaqudgha
Makhleb
Nemelex Xobeh
Okawaru
Trog
Uskayaw
Vehumet
Wu Jian
Xom
Zin
Jiyva

Shops:
D:9 !

Annotations:
D:9 1 runed translucent door
D:11 3 runed translucent doors
Lair:3 1 transporter, Nergalle
Lair:4 1 runed translucent door


Innate Abilities, Weirdness & Mutations

Your spellcasting is much less encumbered by armour.
You can use scrolls of enchantment on lesser artefacts.
Your flesh is heat resistant. (rF+)
Your movements are slightly less encumbered by armour. (ER -2)


Message History

You feel a surge of power!
The air bursts into flame!
The fireball engulfs Nergalle!
Nergalle is moderately wounded.
The fireball engulfs the cane toad!!
You kill the cane toad!
Vehumet accepts your kill.
You feel your power returning.
The fireball engulfs the skyshark!!
You kill the skyshark!
Vehumet accepts your kill.
You feel your power returning.
The fireball engulfs the skyshark!!
You kill the skyshark!
Vehumet accepts your kill.
The fireball engulfs Nergalle!
Nergalle is heavily wounded.
A cane toad comes into view.
Your Fire Magic skill increases to level 19!
Okay, then.
Unknown command.
Okay, then.
Okay, then.
A merfolk comes into view. It is wielding a +0 trident.
The merfolk shouts!
Okay, then.
Okay, then.
Okay, then.
Okay, then.
Aiming: Paralyse
Press: ? - help, Shift-Dir - straight line, f - merfolk
Aim: a merfolk, wielding a +0 trident (chance to affect: 31%)
The merfolk easily resists.
The cane toad gives a loud, deep croak!
Nergalle hits you but does no damage.
You thump Nergalle! You burn Nergalle.
Nergalle is severely wounded.
Nergalle barely misses you.
The merfolk hits you from afar with a +0 trident!
* * * LOW HITPOINT WARNING * * *
Nergalle casts a spell at you. The bolt of negative energy hits you!!!
You feel drained.
You die...

.... #...# #........#..# ....#
...# ##........... ....(##
#..# #........†..
....o..###..##### ##..P#......
........###..##.#####[####....
..P......##..#..#P#....###....
.......$.F.†F.m...............
..##.#..#####o####'...........
##...# #@#~~~#.P.........
###.# ###~~≈#..#.####### ###
#~~~##...#♣#w#w# ####
#..##≈§§#≈≈ #..#


PPP°PP ##©#© ^^^^^ .#PP P☼P #≈ # #w You could see Nergalle, a merfolk and a cane
toad.

Vanquished Creatures
  A minotaur (Gauntlet)
  A blizzard demon (Gauntlet)
  Fannar (Lair:1)
  5 hydras
  Erica (D:11)
  A catoblepas (Lair:5)
  A two-headed ogre (D:11)
  5 death yaks (Lair:5)
  A deep troll shaman (Lair:5)
  2 skysharks (Lair:3)
  An arcanist (Gauntlet)
  Pikel (D:7)
  A moth of wrath (Gauntlet)
  A meliai (Lair:2)
  An ugly thing (D:9)
  19 elephants (Lair:5)
  Joseph (D:7)
  14 cane toads
  4 black mambas
  An unseen horror (D:10)
  3 rime drakes
  6 komodo dragons
  An ice devil (Gauntlet)
  A polar bear (Lair:5)
  3 hornets (D:9)
  7 blink frogs
  Grinder (D:6)
  3 dream sheep (Lair:2)
  A vampire (D:11)
  2 wyverns (D:9)
  A wraith (D:11)
  55 yaks
  3 basilisks
  6 steam dragons
  4 vampire mosquitoes (D:11)
  Menkaure (D:6)
  2 acid dragons
  11 water moccasins
  4 ice beasts
  4 black bears
  10 orc warriors
  A sky beast (D:7)
  4 ogres
  6 wolves
  5 centaurs
  A phantom (D:4)
  5 bullfrogs
  6 kobold brigands
  2 gnoll sergeants
  A scorpion (D:5)
  15 wights
  6 killer bees
  7 electric eels
  4 howler monkeys (D:7)
  4 jellies
  2 orc priests
  6 hounds
  4 gnoll boudas
  5 iguanas
  Natasha (twice) (D:3)
  A sleepcap (D:6)
  4 orc wizards
  20 gnolls
  3 adders
  A shadow imp (D:5)
  3 white imps
  4 ribbon worms
  4 dart slugs
  57 orcs
  9 bats
  5 endoplasms
  3 giant cockroaches (D:1)
  7 goblins
  7 hobgoblins
  4 jackals (D:1)
  4 quokkas
  6 ball pythons
  4 frilled lizards
  25 kobolds
  6 rats
455 creatures vanquished.

Vanquished Creatures (collateral kills)
  4 foxfires (Lair:2)
4 creatures vanquished.

Vanquished Creatures (others)
  544 foxfires
  A spectral weapon (Gauntlet)
545 creatures vanquished.

Grand Total: 1004 creatures vanquished

Notes
Turn   | Place    | Note
-------+----------+-------------------------------------------
     0 | D:1      | RBrandon the Mountain Dwarf Fire Elementalist began the
                  | quest for the Orb.
     0 | D:1      | Reached XP level 1. HP: 14/14 MP: 3/3
   189 | D:1      | Reached XP level 2. HP: 20/20 MP: 3/5
   513 | D:1      | HP: 1/20 [jackal (3)]
   520 | D:1      | HP: 1/20 [jackal (1)]
   821 | D:1      | Reached XP level 3. HP: 26/26 MP: 4/7
   971 | D:1      | Reached skill level 4 in Fire Magic
  1147 | D:1      | Learned a level 2 spell: Scorch
  2105 | D:3      | Found a snail-covered altar of Cheibriados.
  2108 | D:3      | Found a broken altar of Ashenzari.
  2114 | D:3      | Found a burning altar of Makhleb.
  2115 | D:3      | Found a radiant altar of Vehumet.
  2115 | D:3      | Found a hide-covered altar of Uskayaw.
  2115 | D:3      | Found an iron altar of Okawaru.
  2115 | D:3      | Found a shimmering altar of Xom.
  2116 | D:3      | Found a bloodstained altar of Trog.
  2117 | D:3      | Found a hazy altar of Hepliaklqana.
  2118 | D:3      | Found a sparkling altar of Nemelex Xobeh.
  2119 | D:3      | Found a blossoming altar of Fedhas.
  2120 | D:3      | Found an ancient bone altar of Kikubaaqudgha.
  2125 | D:3      | Became a worshipper of Vehumet
  2492 | D:3      | Noticed Natasha
  2501 | D:3      | Reached XP level 4. HP: 33/33 MP: 2/8
  2730 | D:3      | Reached skill level 5 in Fire Magic
  2899 | D:3      | Killed Natasha
  3066 | D:3      | Noticed Natasha
  3071 | D:3      | Killed Natasha
  3332 | D:4      | Reached skill level 6 in Fire Magic
  3345 | D:4      | Learned a level 3 spell: Inner Flame
  3415 | D:4      | Reached XP level 5. HP: 37/38 MP: 4/9
  3504 | D:4      | Learned a level 3 spell: Volatile Blastmotes
  3740 | D:4      | Reached skill level 1 in Conjurations
  3761 | D:4      | Found a glowing silver altar of Zin.
  3883 | D:4      | Noticed a phantom
  3889 | D:4      | Killed a phantom
  3890 | D:4      | Reached skill level 7 in Fire Magic
  3890 | D:4      | Reached XP level 6. HP: 45/45 MP: 1/10
  4160 | D:4      | Found an ornate altar of the Wu Jian Council.
  4207 | D:4      | Reached * piety under Vehumet
  4207 | D:4      | Offered knowledge of Magic Dart by Vehumet.
  4530 | D:5      | Entered Level 5 of the Dungeon
  4635 | D:5      | Reached skill level 8 in Fire Magic
  4868 | D:5      | Reached skill level 9 in Fire Magic
  4868 | D:5      | Reached XP level 7. HP: 50/50 MP: 3/11
  5372 | D:5      | Learned a level 4 spell: Flame Wave
  5535 | D:5      | Reached XP level 8. HP: 57/57 MP: 4/14
  6001 | D:6      | Reached skill level 5 in Conjurations
  6266 | D:6      | Noticed Menkaure
  6271 | D:6      | Killed Menkaure
  6588 | D:6      | Identified the +0 leather armour of Blue Skies {rPois rF+++
                  | Str-5 Dex+2}
  6899 | D:6      | Reached skill level 10 in Fire Magic
  6969 | D:6      | Noticed Grinder
  6978 | D:6      | Killed Grinder
  7087 | D:7      | Reached skill level 11 in Fire Magic
  7179 | D:7      | Noticed Joseph
  7189 | D:7      | Killed Joseph
  7190 | D:7      | Reached XP level 9. HP: 26/62 MP: 2/15
  7362 | D:7      | Reached skill level 12 in Fire Magic
  7499 | D:7      | Noticed Pikel
  7573 | D:7      | Killed Pikel
  7574 | D:7      | Reached skill level 13 in Fire Magic
  8150 | D:7      | Found a staircase to the Ecumenical Temple.
  8194 | D:7      | Reached skill level 14 in Fire Magic
  8331 | D:7      | Reached skill level 1 in Fighting
  8472 | D:7      | Reached ** piety under Vehumet
  8472 | D:7      | Offered knowledge of Freeze by Vehumet.
  8990 | D:8      | Reached skill level 5 in Fighting
  8990 | D:8      | Reached XP level 10. HP: 73/81 MP: 5/16
  9448 | D:8      | Offered knowledge of Momentum Strike by Vehumet.
  9865 | D:8      | Reached *** piety under Vehumet
 10280 | D:9      | Found Kythiy's Distillery.
 10296 | D:9      | Reached skill level 5 in Spellcasting
 10407 | D:9      | Bought a potion of haste for 110 gold pieces
 10407 | D:9      | Bought a potion of curing for 33 gold pieces
 10407 | D:9      | Bought a potion of heal wounds for 55 gold pieces
 10407 | D:9      | Bought a potion of curing for 33 gold pieces
 10407 | D:9      | Bought a potion of curing for 33 gold pieces
 10556 | D:9      | Offered knowledge of Mephitic Cloud by Vehumet.
 10730 | D:9      | Found an opulent altar of Gozag.
 11115 | D:9      | Reached **** piety under Vehumet
 11260 | D:9      | Found a staircase to the Orcish Mines.
 11321 | D:9      | Offered knowledge of Sticky Flame by Vehumet.
 11328 | D:9      | Learned a level 4 spell: Sticky Flame
 11417 | D:9      | Found a runed translucent door.
 11417 | D:9      | Noticed a green ugly thing
 11420 | D:9      | Noticed a meliai
 11421 | D:9      | Killed a green ugly thing
 11467 | D:9      | a ribbon worm changed into a harpy
 11467 | D:9      | Noticed a harpy (shapeshifter)
 11528 | D:9      | Found a white marble altar of Elyvilon.
 11620 | D:9      | Noticed an entropy weaver
 11638 | D:10     | Entered Level 10 of the Dungeon
 11658 | D:10     | Reached XP level 11. HP: 62/92 MP: 11/21
 12349 | D:10     | Reached ***** piety under Vehumet
 12362 | D:10     | Offered knowledge of Brom's Barrelling Boulder by Vehumet.
 13359 | D:11     | Noticed Erica
 13359 | D:11     | Noticed a two-headed ogre
 13410 | D:11     | Reached skill level 10 in Fighting
 13641 | D:11     | Killed Erica
 13824 | D:11     | Killed a two-headed ogre
 13911 | D:11     | Found a staircase to the Lair.
 14166 | Lair:1   | Entered Level 1 of the Lair of Beasts
 14166 | Lair:1   | Noticed Fannar
 14508 | D:11     | Found a runed translucent gate.
 14508 | D:11     | Found a runed translucent gate.
 14509 | D:11     | Found a runed translucent gate.
 14545 | Lair:1   | Killed Fannar
 14803 | Lair:1   | Reached skill level 5 in Armour
 14825 | Lair:1   | Reached XP level 12. HP: 112/112 MP: 15/22
 15209 | Lair:1   | Got Yrou's Easy Hermetics
 15219 | Lair:1   | Upgraded the game from 0.32-a0-893-gf85d74f360 to
                  | 0.32-a0-898-g7811c86cf0
 15787 | Lair:2   | Found a hole to the Spider Nest.
 15837 | Lair:2   | Noticed a seven-headed hydra
 15845 | Lair:2   | Killed a seven-headed hydra
 15924 | Lair:2   | Identified the +0 chain mail "Ninwu" {^Drain rPois rF-
                  | rC++}
 16205 | Lair:2   | Noticed a six-headed hydra
 16214 | Lair:2   | Killed a six-headed hydra
 16823 | Lair:3   | Reached skill level 10 in Armour
 16951 | Lair:3   | Identified the +4 sling of Gatetuiz {drain, rCorr Int+3
                  | Dex+4 Stlth+}
 16976 | Lair:3   | You fall into a shaft and drop 2 floors!
 16976 | Lair:5   | Entered Level 5 of the Lair of Beasts
 17012 | Lair:5   | Offered knowledge of Olgreb's Toxic Radiance by Vehumet.
 17212 | Lair:5   | Reached XP level 13. HP: 48/118 MP: 17/23
 17238 | Lair:5   | Found a gate leading to a gauntlet.
 17251 | Gauntlet | Entered a Gauntlet
 17251 | Gauntlet | Found a transporter.
 17251 | Gauntlet | Found a transporter.
 17470 | Gauntlet | Found a transporter.
 17470 | Gauntlet | Found a transporter.
 17480 | Gauntlet | Found a transporter.
 17497 | Gauntlet | Found a transporter.
 17501 | Gauntlet | Found a transporter.
 17503 | Gauntlet | Noticed a blizzard demon
 17507 | Gauntlet | Found a transporter.
 17507 | Gauntlet | Found a transporter.
 17512 | Gauntlet | Noticed a reaper
 17558 | Gauntlet | Found a transporter.
 17592 | Gauntlet | Learned a level 8 spell: Ignition
 17662 | Gauntlet | Identified the +0 pair of boots of Indomitability {Int+3}
 17732 | Gauntlet | Found a transporter.
 17801 | Gauntlet | Found a transporter.
 17805 | Gauntlet | Found a transporter.
 17819 | Gauntlet | Killed a blizzard demon
 17824 | Gauntlet | Identified the amulet of Moguose {Faith Int+2}
 17934 | Gauntlet | Identified the +10 long sword of Triumph {freeze, rPois rF+
                  | Will+++ Dex-5}
 17934 | Gauntlet | Noticed a minotaur
 17938 | Gauntlet | Gained mutation: Your flesh is heat resistant. (rF+)
                  | [potion of mutation]
 17938 | Gauntlet | Gained mutation: Your movements are slightly less
                  | encumbered by armour. (ER -2) [potion of mutation]
 17956 | Gauntlet | Killed a minotaur
 18151 | Gauntlet | Identified the amulet of the Leaf {Faith rF- Will+ Regen+
                  | Int+2}
 18296 | Lair:5   | Reached skill level 15 in Fire Magic
 18523 | Lair:5   | Reached skill level 16 in Fire Magic
 19091 | Lair:5   | Identified the +8 whip of Lust {chaos, Will- Str+5 Int+3}
 19454 | Lair:5   | Reached skill level 17 in Fire Magic
 19563 | Lair:5   | Identified the +8 great mace of Odowkaot {flame, Will+
                  | Dex+2 SInv}
 19603 | Lair:5   | Reached skill level 18 in Fire Magic
 19825 | Lair:4   | Reached XP level 14. HP: 99/126 MP: 17/24
 19994 | Lair:4   | Offered knowledge of Iskenderun's Battlesphere by Vehumet.
 20411 | Lair:4   | Found a runed translucent door.
 20412 | Lair:4   | Found a viscous altar of Jiyva.
 20413 | Lair:4   | Noticed an acid blob
 20416 | Lair:4   | Found a staircase to the Slime Pits.
 20618 | Lair:3   | Found a transporter.
 20636 | Lair:3   | Noticed Nergalle
 20649 | Lair:3   | Reached skill level 19 in Fire Magic
 20653 | Lair:3   | Killed from afar by Nergalle

Illustrated notes

Levels and vault maps discovered:
D:1:      dpeg_arrival_rhombi, layout_loops_ring, nicolae_twisty_statue_hallways
D:2:      layout_basic
D:3:      layout_loops_corners, minitemple, uniq_natasha
D:4:      layout_loops_corners, nicolae_overflow_crystal_walls,
          lemuel_coloured_pillars_altar, minmay_box_of_dots
D:5:      layout_loops_ring
D:6:      layout_loops_ring, serial_library_regret_index_small_wings,
          grunt_decor_resistance, uniq_menkaure, uniq_grinder
D:7:      layout_loops_ring, minmay_temple_entry_gardened_gates,
          minmay_joined_circles, uniq_joseph, uniq_pikel
D:8:      nicolae_cairo_tiling_large, layout_basic, minmay_misc_feat_doors
D:9:      layout_stronghold, nicolae_elyvilon_temple_path,
          nicolae_gozag_seed_capital, david_orc_4, serial_shops,
          nicolae_shop_statue_plus, minivault_13
D:10:     layout_stronghold
D:11:     cheibrodos_iron_armory, layout_basic, uniq_erica
Lair:1:   layout_regular_city, chequers_serial_rivers_small_b, uniq_fannar
Lair:2:   layout_roguey, hellmonk_spider_entry_not_the_bees,
          dreamdust_gnoll_shepherd, serial_bayou_shore_b, lemuel_fruit_fields
Lair:3:   gammafunk_worm_tunnel, layout_misc_corridors,
          elwin_shoals_entry_rooms, beast_lair_carwin_11,
          infiniplex_staircase_pool, uniq_gastronok, uniq_nergalle
Lair:4:   layout_hall_layers, slime_entry_2
Lair:5:   grunt_lair_end_beastmaster, layout_cave_pods, gauntlet_entry_generic,
          serial_bayou_shore_a, grunt_megastairs_4

Skill      XL: |  1  2  3  4  5  6  7  8  9 10 11 12 13 14 |
---------------+-------------------------------------------+-----
Spellcasting   | 2 4 6 |  6.8
Fire Magic     | 4 6 7 9 11 14 18 19 | 19.0
Conjurations   | 1 3 5 |  5.0
Fighting       | 5 7 12 | 12.0
Dodging        | 2 |  2.6
Alchemy        | 2 |  2.0
Armour         | 5 12 13 | 13.0
Stealth        | |  1.4

Action                     |  1- 3 |  4- 6 |  7- 9 | 10-12 | 13-15 || total
---------------------------+-------+-------+-------+-------+-------++-------
  Melee: Unarmed           |    35 |       |       |       |       ||    35
         Club              |     1 |       |       |       |       ||     1
         Short sword       |    25 |       |       |       |       ||    25
         Hand axe          |    13 |       |       |       |       ||    13
         Quarterstaff      |     2 |    30 |    60 |    79 |    52 ||   223
         Great mace        |       |       |       |       |     9 ||     9
   Cast: Foxfire           |    56 |    63 |    43 |   139 |    18 ||   319
         Scorch            |     3 |    12 |    66 |    73 |    23 ||   177
         Inner Flame       |       |     4 |     2 |    14 |     2 ||    22
         Volatile Blastmot |       |       |     8 |    23 |     2 ||    33
         Flame Wave        |       |       |     9 |    41 |    27 ||    77
         Sticky Flame      |       |       |       |    14 |     4 ||    18
         Ignition          |       |       |       |       |    15 ||    15
  Evoke: Wand              |       |       |       |     2 |     1 ||     3
    Use: Potion            |     1 |       |       |     2 |     6 ||     9
         Scroll            |       |     1 |       |    12 |     4 ||    17
   Stab: Sleeping          |     1 |       |       |       |       ||     1
         Distracted        |       |       |       |     1 |       ||     1
 Armour: Robe              |    72 |    28 |    24 |       |       ||   124
         Ring mail         |     2 |       |       |       |       ||     2
         Leather armour    |       |       |    78 |   156 |       ||   234
         Scale mail        |       |       |       |   153 |   210 ||   363
  Dodge: Dodged            |    65 |    26 |    77 |   129 |   104 ||   401

Table legend: (Time is in decaauts)
 A = Elapsed time spent in this place.
 B = Non-inter-level travel time spent in this place.
 C = Inter-level travel time spent in this place.
 D = Time resting spent in this place.
 E = Time spent auto-exploring this place.
 F = Levels seen in this place.
 G = Mean time per level.
                   A        B        C        D        E       F      G
               +--------+--------+--------+--------+--------+-----+--------+
         Total |  20751 |  19980 |    771 |   2881 |  13733 |  17 | 1220.6 |
       Dungeon |  14605 |  13933 |    672 |   1550 |  10140 |  11 | 1327.7 |
          Lair |   5240 |   5141 |     99 |    738 |   3569 |   5 | 1048.0 |
      Gauntlet |    905 |    905 |      0 |    592 |     24 |   1 |  905.0 |
               +--------+--------+--------+--------+--------+-----+--------+

Top non-repeatable levels by time:
     D:7: 1976 daAuts
  Lair:5: 1913 daAuts
     D:9: 1666 daAuts
    D:10: 1615 daAuts
     D:5: 1451 daAuts
     D:4: 1302 daAuts
  Lair:1: 1253 daAuts
     D:3: 1244 daAuts
     D:1: 1189 daAuts
     D:8: 1164 daAuts
     D:6: 1098 daAuts
    D:11: 1093 daAuts
  Lair:2: 1021 daAuts
Gauntlet: 905 daAuts
     D:2: 802 daAuts

Levels and vault maps discovered:
D:1:      dpeg_arrival_rhombi, layout_loops_ring, nicolae_twisty_statue_hallways
D:2:      layout_basic
D:3:      layout_loops_corners, minitemple, uniq_natasha
D:4:      layout_loops_corners, nicolae_overflow_crystal_walls,
          lemuel_coloured_pillars_altar, minmay_box_of_dots
D:5:      layout_loops_ring
D:6:      layout_loops_ring, serial_library_regret_index_small_wings,
          grunt_decor_resistance, uniq_menkaure, uniq_grinder
D:7:      layout_loops_ring, minmay_temple_entry_gardened_gates,
          minmay_joined_circles, uniq_joseph, uniq_pikel
D:8:      nicolae_cairo_tiling_large, layout_basic, minmay_misc_feat_doors
D:9:      layout_stronghold, nicolae_elyvilon_temple_path,
          nicolae_gozag_seed_capital, david_orc_4, serial_shops,
          nicolae_shop_statue_plus, minivault_13
D:10:     layout_stronghold
D:11:     cheibrodos_iron_armory, layout_basic, uniq_erica
Lair:1:   layout_regular_city, chequers_serial_rivers_small_b, uniq_fannar
Lair:2:   layout_roguey, hellmonk_spider_entry_not_the_bees,
          dreamdust_gnoll_shepherd, serial_bayou_shore_b, lemuel_fruit_fields
Lair:3:   gammafunk_worm_tunnel, layout_misc_corridors,
          elwin_shoals_entry_rooms, beast_lair_carwin_11,
          infiniplex_staircase_pool, uniq_gastronok, uniq_nergalle
Lair:4:   layout_hall_layers, slime_entry_2
Lair:5:   grunt_lair_end_beastmaster, layout_cave_pods, gauntlet_entry_generic,
          serial_bayou_shore_a, grunt_megastairs_4

Table legend: (Time is in decaauts)
 A = Elapsed time spent in this place.
 B = Non-inter-level travel time spent in this place.
 C = Inter-level travel time spent in this place.
 D = Time resting spent in this place.
 E = Time spent auto-exploring this place.
 F = Levels seen in this place.
 G = Mean time per level.
                   A        B        C        D        E       F      G
               +--------+--------+--------+--------+--------+-----+--------+
         Total |  20751 |  19980 |    771 |   2881 |  13733 |  17 | 1220.6 |
       Dungeon |  14605 |  13933 |    672 |   1550 |  10140 |  11 | 1327.7 |
          Lair |   5240 |   5141 |     99 |    738 |   3569 |   5 | 1048.0 |
      Gauntlet |    905 |    905 |      0 |    592 |     24 |   1 |  905.0 |
               +--------+--------+--------+--------+--------+-----+--------+

Top non-repeatable levels by time:
     D:7: 1976 daAuts
  Lair:5: 1913 daAuts
     D:9: 1666 daAuts
    D:10: 1615 daAuts
     D:5: 1451 daAuts
     D:4: 1302 daAuts
  Lair:1: 1253 daAuts
     D:3: 1244 daAuts
     D:1: 1189 daAuts
     D:8: 1164 daAuts
     D:6: 1098 daAuts
    D:11: 1093 daAuts
  Lair:2: 1021 daAuts
Gauntlet: 905 daAuts
     D:2: 802 daAuts

Table legend:
 A = Kills in this place as a percentage of kills in the entire game.
 B = Kills by you in this place as a percentage of kills by you in the entire game.
 C = Kills by friends in this place as a percentage of kills by friends in the entire game.
 D = Other kills in this place as a percentage of other kills in the entire game.
 E = Experience gained in this place as a percentage of experience gained in the entire game.
 F = Experience gained in this place divided by the number of levels of this place that you have seen.
                   A       B       C       D       E      F
               +-------+-------+-------+-------+-------+----------------------
         Total | 100.0 | 100.0 |   N/A |   N/A | 100.0 | 4121.7
       Dungeon |  67.3 |  67.3 |   N/A |   N/A |  27.1 | 1726.9
          Lair |  30.8 |  30.8 |   N/A |   N/A |  67.5 | 9453.2
      Gauntlet |   2.0 |   2.0 |   N/A |   N/A |   5.4 | 3807.0
               +-------+-------+-------+-------+-------+----------------------
